 Dungeon Crawl Stone Soup version 0.22.1-6-g1668fe2c40 (webtiles) character file.

17103 Rediskos the Severer (level 12, -6/108 HPs)
             Began as a Hill Orc Fighter on Jan 23, 2019.
             Was an Elder of Kikubaaqudgha.
             Mangled by an ice devil (8 damage)
             ... on level 3 of the Lair of Beasts.
             The game lasted 00:38:49 (16512 turns).

Rediskos the Severer (Hill Orc Fighter)            Turns: 16512, Time: 00:38:50

Health: -6/108     AC: 11    Str: 20    XL:     12   Next: 44%
Magic:  12/12      EV:  9    Int: 10    God:    Kikubaaqudgha [****..]
Gold:   570        SH: 11    Dex: 10    Spells: 11/11 levels left

rFire    . . .     SeeInvis .   a - +0 war axe
rCold    . . .     Gourm    .   c - +0 shield
rNeg     . . .     Faith    .   D - +1 ring mail of Somewhere Else {+Blink rElec Regen+ Str-2} (curse)
rPois    .         Spirit   .   (no helmet)
rElec    +         Reflect  .   (no cloak)
rCorr    .         Harm     .   (no gloves)
MR       .....                  (no boots)
Stlth    ..........             (no amulet)
HPRegen  0.68/turn              t - +3 ring of slaying
MPRegen  0.13/turn              g - +3 ring of protection

@: no status effects
A: no striking features
a: Receive Corpses, Renounce Religion, Evoke Blink


You were on level 3 of the Lair of Beasts.
You worshipped Kikubaaqudgha.
Kikubaaqudgha was greatly pleased with you.
You were hungry.

You visited 2 branches of the dungeon, and saw 15 of its levels.

You collected 858 gold pieces.
You spent 288 gold pieces at shops.

Inventory:

Hand Weapons
 a - a +0 war axe (weapon)
 b - a +2 whip of draining
 z - a +0 whip
Missiles
 k - 10 tomahawks (quivered)
Armour
 c - a +0 shield (worn)
 y - a +0 chain mail
 D - the cursed +1 ring mail of Somewhere Else (worn) {+Blink rElec Regen+ Str-2}
   (You found it on level 11 of the Dungeon)

   It affects your strength (-2).
   It insulates you from electricity.
   It lets you blink.
   It increases your rate of regeneration.
   It has a curse placed upon it.
 H - a +0 shield
 Q - a +0 scale mail
Jewellery
 g - a +3 ring of protection (right hand)
 n - a -3 ring of evasion
 t - a +3 ring of slaying (left hand)
 u - an uncursed ring of wizardry
 x - an uncursed ring of protection from magic
 S - an uncursed ring of positive energy
Wands
 J - a wand of random effects (22)
 L - a wand of enslavement (5)
 O - a wand of flame (18)
Scrolls
 h - 2 scrolls of immolation
 l - 2 scrolls of fear
 m - 2 scrolls of teleportation
 q - 2 scrolls of enchant weapon
 r - 3 scrolls of amnesia
 s - 2 scrolls of magic mapping
 v - a scroll of remove curse
 w - 2 scrolls of acquirement {unknown}
 B - a scroll of enchant armour {unknown}
 E - 2 scrolls of random uselessness
 F - a scroll of vulnerability {unknown}
 I - a scroll of noise {unknown}
 R - a scroll of identify
Potions
 d - a potion of might
 f - a potion of agility
 i - 2 potions of heal wounds
 j - 3 potions of curing
 o - a potion of magic
 p - 3 potions of flight
 A - a potion of mutation
 C - 2 potions of resistance
 G - a potion of haste
 K - a potion of degeneration
 M - a potion of brilliance
 N - a potion of invisibility
Comestibles
 e - 17 rations
 P - 2 chunks of flesh


   Skills:
 + Level 10.7 Fighting
 * Level 15.1 Axes
 + Level 9.8 Armour
 + Level 10.0 Shields
 - Level 6.6 Necromancy


You had 11 spell levels left.
You didn't know any spells.
Your spell library contained the following spells:

 Spells                   Type           Power        Failure   Level  Hunger
 Pain                     Necr           ##..         8%          1    ##.....
 Corpse Rot               Necr           N/A          11%         2    ###....
 Sublimation of Blood     Necr           ##........   11%         2    ###....
 Vampiric Draining        Necr           ##........   22%         3    ####...
 Animate Dead             Necr           N/A          58%         4    #####..
 Magic Dart               Conj           #...         73%         1    ##.....
 Summon Small Mammal      Summ           #...         73%         1    ##.....
 Blink                    Tloc           N/A          86%         2    ###....
 Call Imp                 Summ           #.......     86%         2    ###....
 Slow                     Hex            #.......     86%         2    ###....
 Dispel Undead            Necr           ##......     90%         5    ######.
 Call Canine Familiar     Summ           #.......     97%         3    ####...
 Conjure Flame            Conj/Fire      #.......     97%         3    ####...
 Mephitic Cloud           Conj/Pois/Air  #.......     97%         3    ####...
 Summon Guardian Golem    Hex/Summ       #.......     97%         3    ####...
 Summon Ice Beast         Ice/Summ       #.......     100%        4    #####..
 Summon Lightning Spire   Summ/Air       #.......     100%        4    #####..
 Bolt of Draining         Conj/Necr      #.........   100%        5    ######.
 Excruciating Wounds      Chrm/Necr      #.........   100%        5    ######.
 Simulacrum               Ice/Necr       #.........   100%        6    #######


Dungeon Overview and Level Annotations

Branches:
Dungeon (12/15)            Temple (0/1) D:5            Lair (3/6) D:11
 Spider (0/4) Lair:3          Orc (0/2) D:11
  Swamp: Lair:2-4    Shoals: Lair:2-4

Altars:
Ashenzari
Elyvilon
Fedhas
Kikubaaqudgha
Nemelex Xobeh
Okawaru
Trog
Vehumet
Wu Jian
Xom

Shops:
D:4 [   D:10 !

Portals:
Ice
Cave: Lair:3

Annotations:
D:7 exclusion: statue
D:10 1 exclusion
D:11 1 runed door


Message History

You barely miss the ice devil.
The ice devil is lightly wounded.
You slash the ice devil!
The ice devil hits you but does no damage.
The ice devil hits you. The ice devil freezes you!!
You closely miss the ice devil.
The ice devil is lightly wounded.
You hit the ice devil. The ice devil hits you. The ice devil freezes you!!
* * * LOW HITPOINT WARNING * * *
You slash the ice devil!
The ice devil is moderately wounded.
You hit the ice devil. The ice devil hits you.
* * * LOW HITPOINT WARNING * * *
The ice devil freezes you!!
* * * LOW HITPOINT WARNING * * *
The ice devil hits you!
* * * LOW HITPOINT WARNING * * *
The ice devil freezes you!
You die...
Kikubaaqudgha rasps: "You have failed me!
Welcome... death!"

.##P.........#*****,,,,,,,,,,**,,
#*#........### ***,,,,,,,,,,,,
##.......#########*,,,,,,,,,,,,
#........##..∩..#*,,,,,,,,,,,,
#........##.....#*,,,,,,,,,,,,
#........#*.....**,,,,,,,,,≈≈≈
#.......##*,...,**,,,,,,,,,≈≈* *
##.[......#**#4#***,,,,,,,,,≈≈*
**#........## ##@## **,,****,,≈*≈
,*#P.......## #$.4# *,** **,≈≈≈
,..........P###'#+# *** *,,,,,
,.................# **,,,,
,,...............## **,*,
,,##.........#.### **,,,
,**#...........# *,,,, **
#.......P.### **,,,
***#..#.#.##.#* *,,,,


You could see 2 ice devils.

Vanquished Creatures
  A hydra (Lair:1)
  2 two-headed ogres
  2 cyclopes
  2 centaur zombies
  5 spiny frogs
  A gargoyle (D:11)
  3 komodo dragons
  A rime drake (Lair:2)
  A freezing wraith (D:11)
  2 trolls
  A polar bear (Lair:2)
  Grinder (D:6)
  Prince Ribbit (D:6)
  3 blink frogs (Lair:2)
  3 hippogriffs
  A shadow (D:11)
  A wraith (D:11)
  Eustachio (D:4)
  2 wyverns
  9 yaks
  A basilisk (Lair:2)
  Duvessa (D:7)
  2 water moccasins
  A porcupine (D:11)
  5 sky beasts
  3 orc warriors (D:11)
  A necrophage (D:11)
  An eye of draining (D:8)
  5 ogres
  A phantom (D:3)
  2 black bears
  5 centaurs
  4 crocodiles
  Blork the orc (D:4)
  2 big kobolds (D:8)
  11 bullfrogs
  A wyvern zombie (D:8)
  Dowan (D:7)
  A gnoll sergeant (D:8)
  10 scorpions
  A water moccasin skeleton (D:7)
  11 killer bees
  2 crimson imps (D:5)
  4 jellies
  A centaur skeleton (D:6)
  11 hounds
  5 orc priests
  2 iguanas
  3 orc wizards
  8 worker ants
  3 worker ant zombies
  Robin (D:3)
  9 gnolls
  A howler monkey skeleton (D:5)
  12 adders
  2 shadow imps
  5 oozes (D:8)
  An adder skeleton (D:8)
  3 worms
  7 leopard geckos
  33 orcs
  6 bats
  5 giant cockroaches
  12 goblins
  8 hobgoblins
  13 jackals
  19 kobolds
  4 quokkas
  A ball python skeleton (D:4)
  3 frilled lizards
  5 rats
303 creatures vanquished.

Vanquished Creatures (others)
  2 manticores (D:11)
  17 fungi
  17 plants
36 creatures vanquished.

Grand Total: 339 creatures vanquished

Notes
Turn   | Place    | Note
-------+----------+-------------------------------------------
     0 | D:1      | Rediskos the Hill Orc Fighter began the quest for the Orb.
     0 | D:1      | Reached XP level 1. HP: 19/19 MP: 1/1
    23 | D:1      | Reached skill level 3 in Axes
    29 | D:1      | Reached XP level 2. HP: 27/27 MP: 2/2
   820 | D:2      | Reached XP level 3. HP: 29/33 MP: 3/3
  1011 | D:2      | Reached skill level 4 in Axes
  1066 | D:2      | Reached XP level 4. HP: 19/40 MP: 4/4
  1454 | D:3      | Noticed Robin
  1474 | D:3      | Killed Robin
  1747 | D:3      | Noticed a phantom
  1789 | D:3      | Killed a phantom
  1789 | D:3      | Reached skill level 5 in Axes
  1789 | D:3      | Reached XP level 5. HP: 27/47 MP: 5/5
  2007 | D:3      | Found an ornate altar of the Wu Jian Council.
  2010 | D:3      | Found a blossoming altar of Fedhas.
  2272 | D:3      | Found a shattered altar of Ashenzari.
  2277 | D:3      | Found an ancient bone altar of Kikubaaqudgha.
  2278 | D:3      | Found a bloodstained altar of Trog.
  2278 | D:3      | Found an iron altar of Okawaru.
  2282 | D:3      | Found a shimmering altar of Xom.
  2290 | D:3      | Became a worshipper of Kikubaaqudgha
  2398 | D:4      | Noticed Eustachio
  2443 | D:4      | Reached XP level 6. HP: 47/53 MP: 6/6
  2622 | D:4      | Found Baetuyvy's Armour Emporium.
  2721 | D:4      | Killed Eustachio
  2721 | D:4      | Reached skill level 5 in Fighting
  2721 | D:4      | Reached skill level 6 in Axes
  2721 | D:4      | Reached skill level 1 in Necromancy
  2851 | D:4      | Noticed Blork the orc
  2868 | D:4      | Killed Blork the orc
  2868 | D:4      | Reached XP level 7. HP: 36/61 MP: 7/7
  3259 | D:5      | Entered Level 5 of the Dungeon
  3290 | D:5      | Reached skill level 5 in Armour
  3290 | D:5      | Reached skill level 5 in Shields
  3373 | D:5      | Reached skill level 7 in Axes
  3373 | D:5      | Reached XP level 8. HP: 64/70 MP: 8/8
  3545 | D:5      | Reached skill level 8 in Axes
  3563 | D:5      | Reached * piety under Kikubaaqudgha
  3563 | D:5      | Identified Kikubaaqudgha's Handbook of Darkness
                  | (Kikubaaqudgha gifted it to you on level 5 of the Dungeon)
  3563 | D:5      | Received a gift from Kikubaaqudgha
  4062 | D:5      | Found a staircase to the Ecumenical Temple.
  4892 | D:6      | Noticed Prince Ribbit
  4899 | D:6      | Killed Prince Ribbit
  4899 | D:6      | Reached skill level 9 in Axes
  5016 | D:6      | Noticed Grinder
  5027 | D:6      | Reached XP level 9. HP: 78/78 MP: 9/9
  5047 | D:6      | Killed Grinder
  5724 | D:7      | Noticed Dowan
  6070 | D:7      | Noticed Duvessa
  6090 | D:7      | Killed Duvessa
  6110 | D:7      | Reached skill level 10 in Axes
  6122 | D:7      | Killed Dowan
  6350 | D:7      | Found a sparkling altar of Nemelex Xobeh.
  6491 | D:7      | Found a radiant altar of Vehumet.
  6734 | D:8      | Reached ** piety under Kikubaaqudgha
  7297 | D:8      | Noticed a two-headed ogre
  7308 | D:8      | Killed a two-headed ogre
  7308 | D:8      | Reached skill level 11 in Axes
  7308 | D:8      | Reached skill level 5 in Necromancy
  7308 | D:8      | Reached XP level 10. HP: 80/88 MP: 10/10
  8359 | D:8      | Reached *** piety under Kikubaaqudgha
  8359 | D:8      | Identified Kikubaaqudgha's Tome of Black Rites
                  | (Kikubaaqudgha gifted it to you on level 8 of the Dungeon)
  8359 | D:8      | Received a gift from Kikubaaqudgha
  8371 | D:8      | HP: 4/88 [poisoned by a killer bee]
  8376 | D:8      | HP: 2/88 [poisoned by a killer bee]
  8381 | D:8      | HP: 2/88 [poisoned by a killer bee]
  8388 | D:8      | HP: 1/88 [poisoned by a killer bee]
  8396 | D:8      | HP: 1/88 [poisoned by a killer bee]
  9149 | D:10     | Entered Level 10 of the Dungeon
  9747 | D:10     | Found Otiliris's Distillery.
  9750 | D:10     | Bought a potion of invisibility for 128 gold pieces
  9750 | D:10     | Bought a potion of haste for 160 gold pieces
  9788 | D:10     | Reached skill level 12 in Axes
 10289 | D:10     | Noticed an ice dragon
 10316 | D:11     | Noticed a gargoyle
 10331 | D:11     | Killed a gargoyle
 10496 | D:11     | Found a staircase to the Orcish Mines.
 10624 | D:11     | Noticed a cyclops
 10636 | D:11     | Killed a cyclops
 10643 | D:11     | Noticed a manticore
 10648 | D:11     | Reached XP level 11. HP: 58/95 MP: 11/11
 10665 | D:11     | HP: 1/95 [manticore (18)]
 11228 | D:11     | Noticed a cyclops
 11549 | D:10     | Killed a cyclops
 11951 | D:11     | Noticed a manticore
 12322 | D:11     | Found a staircase to the Lair.
 12420 | D:11     | Reached skill level 13 in Axes
 12424 | D:11     | Killed a manticore
 12551 | D:11     | Found a runed door.
 12590 | D:11     | Found a runed door.
 13432 | D:11     | Reached **** piety under Kikubaaqudgha
 13477 | D:12     | Noticed a two-headed ogre
 13496 | D:12     | Killed a two-headed ogre
 13641 | Lair:1   | Entered Level 1 of the Lair of Beasts
 13685 | Lair:1   | Noticed a five-headed hydra
 14116 | D:11     | Got a transparent ring mail
 14127 | D:11     | Identified the cursed +1 ring mail of Somewhere Else
                  | {+Blink rElec Regen+ Str-2} (You found it on level 11 of
                  | the Dungeon)
 14142 | Lair:1   | Killed a five-headed hydra
 14361 | Lair:1   | Found a white marble altar of Elyvilon.
 14583 | Lair:1   | Reached skill level 14 in Axes
 14651 | Lair:1   | Reached skill level 10 in Fighting
 15143 | Lair:2   | Reached XP level 12. HP: 91/106 MP: 12/12
 16419 | Lair:3   | Reached skill level 15 in Axes
 16435 | Lair:3   | Reached skill level 10 in Shields
 16498 | Lair:3   | Found a frozen archway.
 16512 | Lair:3   | HP: 2/108 [ice devil (7)]
 16512 | Lair:3   | Mangled by an ice devil

Skill      XL: |  1  2  3  4  5  6  7  8  9 10 11 12 |
---------------+-------------------------------------+-----
Axes           | 3 4 5 6 7 9 11 12 14 15 | 15.1
Fighting       | 4 5 6 7 8 10 | 10.7
Armour         | 4 5 6 7 8 9 |  9.8
Shields        | 4 5 6 7 8 9 10 | 10.0
Necromancy     | 1 2 3 5 6 |  6.6

Action                   |  1- 3 |  4- 6 |  7- 9 | 10-12 || total
-------------------------+-------+-------+-------+-------++-------
Melee: War axe           |   119 |   136 |   430 |   717 ||  1402
       Whip              |       |       |       |    21 ||    21
Throw: Tomahawk          |       |       |     1 |     1 ||     2
Evoke: Wand              |       |       |     2 |     8 ||    10
  Use: Scroll            |       |     9 |     2 |    13 ||    24
       Potion            |       |       |     2 |    10 ||    12
  Eat: Chunk             |     1 |     6 |    10 |    23 ||    40
       Ration            |       |       |     1 |     2 ||     3
Armor: Scale mail        |    52 |    76 |     3 |       ||   131
       Chain mail        |       |       |   228 |   219 ||   447
       Ring mail         |       |       |       |    59 ||    59
Dodge: Dodged            |    54 |    37 |   118 |   181 ||   390
Block: Shield            |    72 |    63 |   234 |   373 ||   742
